 Dungeon Crawl Stone Soup version 0.32-a0-675-gdc239d62e1 (webtiles) character file.

Game seed: 8314880091585148

1179 brae the Insei (level 8, -3/60 HPs)
             Began as a Demonspawn Monk on Mar 10, 2024.
             Slain by a killer bee (5 damage)
             ... on level 6 of the Dungeon on Mar 11, 2024.
             The game lasted 00:14:18 (5075 turns).

brae the Insei (Demonspawn Monk)                    Turns: 5075, Time: 00:14:19

Health: -3/60      AC:  9    Str: 14    XL:     8   Next: 18%
Magic:  0/8        EV: 12    Int: 11    God:
Gold:   171        SH:  0    Dex: 15    Spells: 7/7 levels left

rFire   . .          .
                       - Unarmed
rCold   . . .        (no shield)
rNeg    . . .        p - +0 ring mail
rPois   .            q - +0 helmet
rElec   .            (no cloak)
rCorr   .            (no gloves)
SInv    +            (no boots)
Will    .....        h - amulet of guardian spirit
Stlth   +            j - ring of see invisible
HPRegen 0.30/turn    (no ring)
MPRegen 0.11/turn

%: guardian spirit
@: mighty, lethally poisoned (-3 -> -6)
A: claws 1, icy blue scales 1, ignite blood 2, demonic magic 1
a: no special abilities


You were on level 6 of the Dungeon.
You visited 1 branch of the dungeon, and saw 6 of its levels.

You collected 171 gold pieces.

Inventory:

Missiles
 s - 6 curare-tipped darts (quivered)
Armour
 a - a +0 robe
 c - an orb of light
 p - a +0 ring mail (worn)
 q - a +0 helmet (worn)
Jewellery
 h - an amulet of guardian spirit (around neck)
 j - a ring of see invisible (left claw)
Wands
 d - a wand of quicksilver (4)
Scrolls
 k - a scroll of fear {unknown}
 m - a scroll of teleportation {unknown}
 r - a scroll of vulnerability {unknown}
 u - a scroll of silence {unknown}
 v - a scroll of enchant armour {unknown}
 w - a scroll of fog {unknown}
Potions
 b - a potion of ambrosia
 e - a potion of curing
 n - a potion of brilliance
 t - a potion of invisibility {unknown}
 x - a potion of haste {unknown}


   Skills:
 + Level 3.8 Fighting
 + Level 4.1 Armour
 + Level 4.3 Dodging
 - Level 0.6 Stealth
 + Level 7.1 Unarmed Combat


You had 7 spell levels left.
You didn't know any spells.
Your spell library contained the following spells:

 Spells                   Type           Power      Damage    Failure   Level
 Apportation              Tloc           0%         N/A       56%         1
 Magic Dart               Conj           0%         1d3       56%         1
 Necrotise                Necr           0%         1d4       56%         1
 Sting                    Conj/Alch      0%         1d3       56%         1
 Summon Small Mammal      Summ           0%         N/A       56%         1
 Blink                    Tloc           0%         N/A       71%         2
 Call Imp                 Summ           0%         N/A       71%         2
 Mercury Vapours          Alch/Air       0%         N/A       71%         2
 Olgreb's Toxic Radiance  Alch           0%         N/A       100%        4


Dungeon Overview and Level Annotations

Branches:
Dungeon (6/15)
 Temple: D:4-7

Altars:
Okawaru

Annotations:
D:4 Grinder
D:5 Pikel


Innate Abilities, Weirdness & Mutations

You have sharp fingernails.
You are partially covered in icy blue scales. (AC +2)
Your demonic aura often causes spilled blood to erupt in flames.
Spells you cast may paralyse adjacent enemies.


Message History

You smack the killer bee!
The killer bee is heavily wounded.
The killer bee stings you but does no damage.
You smack the killer bee!
You kill the killer bee!
The killer bee stings you but does no damage.
Your Armour skill increases to level 4!
You closely miss the killer bee.
The killer bee stings you but does no damage. x2
You pummel the killer bee!!
You kill the killer bee!
The killer bee stings you but does no damage.
You miss the killer bee.
The killer bee stings you but does no damage. x2
You miss the killer bee.
The killer bee stings you but does no damage. x2
You closely miss the killer bee.
You feel less wooden.
Your +0 helmet unmelds from your body.
Your +0 ring mail unmelds from your body.
The killer bee stings you.
* * * LOW HITPOINT WARNING * * *
You are poisoned.
The killer bee poisons you!
You barely miss the killer bee.
* * * LOW HITPOINT WARNING * * *
You feel sick. The killer bee completely misses you.
The killer bee closely misses you.
You closely miss the killer bee.
You feel sick. The killer bee closely misses you. The killer bee stings you.
* * * LOW HITPOINT WARNING * * *
You claw the killer bee!
The killer bee is heavily wounded.
* * * LOW HITPOINT WARNING * * *
You feel sick. The killer bee barely misses you.
You miss the killer bee.
The killer bee is heavily wounded.
* * * LOW HITPOINT WARNING * * *
You feel sick. The killer bee stings you.
You die...

.......W# ......+
#...#
#############'#
..............#
...........W..#
..............#
..####y###...#
####@###...#
+....#.....#
#.....#....+.....#
#.....#..(.#.....#
#.....##...##....#
##.....##...##....#
+......##...##....#
#......##...##....#
#......'....#....#


You could see a killer bee.

Vanquished Creatures
  A black bear (D:5)
  An ogre (D:5)
  4 phantoms
  A lemure (D:5)
  4 wights (D:6)
  3 killer bees (D:6)
  2 jellies
  3 hounds
  5 gnolls
  8 adders
  2 dart slugs
  2 ribbon worms
  5 orcs
  5 bats
  8 endoplasms
  6 giant cockroaches
  9 goblins
  8 hobgoblins
  12 jackals
  8 kobolds
  3 quokkas
  5 ball pythons
  5 frilled lizards
  11 rats
121 creatures vanquished.

Notes
Turn   | Place    | Note
-------+----------+-------------------------------------------
     0 | D:1      | brae the Demonspawn Monk began the quest for the Orb.
     0 | D:1      | Reached XP level 1. HP: 18/18 MP: 1/1
   206 | D:1      | Reached skill level 3 in Unarmed Combat
   224 | D:1      | Gained mutation: You have sharp fingernails. [demonic
                  | ancestry]
   224 | D:1      | Reached XP level 2. HP: 13/24 MP: 2/2
   287 | D:1      | You fall into a shaft and drop 1 floor!
   564 | D:1      | Gained mutation: Your demonic aura sometimes causes spilled
                  | blood to erupt in flames. [demonic ancestry]
   564 | D:1      | Reached XP level 3. HP: 24/29 MP: 3/3
  1259 | D:2      | Reached XP level 4. HP: 30/35 MP: 2/4
  1442 | D:2      | Reached skill level 4 in Unarmed Combat
  2100 | D:2      | Gained mutation: Spells you cast may paralyse adjacent
                  | enemies. [demonic ancestry]
  2100 | D:2      | Reached XP level 5. HP: 31/41 MP: 5/5
  2194 | D:2      | Upgraded the game from 0.32-a0-673-g3729bd50f8 to
                  | 0.32-a0-675-gdc239d62e1
  2358 | D:3      | Found a faded altar of an unknown god.
  2686 | D:3      | Found an iron altar of Okawaru.
  3033 | D:3      | Reached skill level 5 in Unarmed Combat
  3393 | D:4      | Reached skill level 1 in Armour
  3525 | D:4      | Gained mutation: You are partially covered in icy blue
                  | scales. (AC +2) [demonic ancestry]
  3525 | D:4      | Reached XP level 6. HP: 47/47 MP: 6/6
  4036 | D:5      | Entered Level 5 of the Dungeon
  4036 | D:5      | Noticed Grinder
  4200 | D:5      | Reached skill level 6 in Unarmed Combat
  4200 | D:5      | Reached XP level 7. HP: 52/52 MP: 7/7
  4450 | D:5      | Noticed Pikel
  4498 | D:5      | HP: 2/53 [Pikel/+1 whip of flaming (3)]
  5061 | D:6      | Gained mutation: Your demonic aura often causes spilled
                  | blood to erupt in flames. [demonic ancestry]
  5061 | D:6      | Reached XP level 8. HP: 16/60 MP: 4/8
  5062 | D:6      | Reached skill level 7 in Unarmed Combat
  5073 | D:6      | HP: 3/60 [killer bee (3)]
  5075 | D:6      | Slain by a killer bee

Illustrated notes

Levels and vault maps discovered:
D:1:      minmay_arrival_three_doors, layout_basic,
          hangedman_abyss_or_decor_stabs
D:2:      layout_rooms
D:3:      layout_loops_ring, general_overflow_altar,
          hellmonk_ecumenical_altar_arch_garden, cheibrodos_gnoll_hut
D:4:      layout_basic
D:5:      layout_basic, zin_purify, uniq_grinder, uniq_pikel
D:6:      layout_gridville, fedhas_altar_1

Skill      XL: |  1  2  3  4  5  6  7  8 |
---------------+-------------------------+-----
Unarmed Combat | 3 4 5 6 7 |  7.1
Dodging        | 3 4 |  4.3
Armour         | 1 2 3 4 |  4.1
Fighting       | |  3.8
Stealth        | |  0.6

Action                     |  1- 3 |  4- 6 |  7- 9 || total
---------------------------+-------+-------+-------++-------
  Melee: Unarmed           |   143 |   240 |    96 ||   479
         Punch             |       |     5 |     3 ||     8
    Use: Potion            |       |     2 |     3 ||     5
         Scroll            |       |       |     4 ||     4
   Stab: Sleeping          |     1 |     1 |       ||     2
 Armour: Robe              |    68 |    37 |       ||   105
         Ring mail         |       |   104 |    47 ||   151
         Skin              |       |       |    39 ||    39
  Dodge: Dodged            |   112 |   143 |    30 ||   285

Table legend: (Time is in decaauts)
 A = Elapsed time spent in this place.
 B = Non-inter-level travel time spent in this place.
 C = Inter-level travel time spent in this place.
 D = Time resting spent in this place.
 E = Time spent auto-exploring this place.
 F = Levels seen in this place.
 G = Mean time per level.
                   A        B        C        D        E       F      G
               +--------+--------+--------+--------+--------+-----+--------+
         Total |   5038 |   4883 |    155 |    826 |   2688 |   6 |  839.7 |
       Dungeon |   5038 |   4883 |    155 |    826 |   2688 |   6 |  839.7 |
               +--------+--------+--------+--------+--------+-----+--------+

Top non-repeatable levels by time:
     D:1: 1610 daAuts
     D:3: 932 daAuts
     D:4: 859 daAuts
     D:2: 729 daAuts
     D:6: 539 daAuts
     D:5: 368 daAuts
